AoeStats
← Okiloki

Arabia

510023591Analyzed
1v1 RM · 4d ago on Sep 29, 2026· 43m 20s· 2 players
Game mode
Random Map
Map size
Tiny (2 player)
Population
200
Speed
Normal
Resources
Standard
Victory
Conquest
Starting age
Dark Age
Ending age
Imperial Age
RankedLock teamsTeams togetherTeam positionsShared explorationLock speedFull tech treeHidden civsTurbo modeCheats
Victory
Defeat
🇺🇸 Portuguese · United States
1081
+18
🇺🇸 Huns · United States
1116
-18
hamboi
7:51 Loom
13:47 Feudal Age
14:19 Double-Bit Axe
15:28 Man-at-Arms
17:55 Horse Collar
20:56 Wheelbarrow
20:29 Fletching
21:19 Padded Archer Armor
26:47 Castle Age
27:00 Scale Mail Armor
27:35 Forging
27:10 Crossbowman
27:46 Bodkin Arrow
27:41 Pikeman
29:32 Scale Barding Armor
29:37 Arson
30:05 Town Watch
31:01 Gold Mining
31:13 Long Swordsman
32:14 Bow Saw
33:27 Bloodlines
32:42 Light Cavalry
34:37 Leather Archer Armor
35:17 Thumb Ring
36:34 Heavy Plow
37:41 Hand Cart
39:16 Chain Barding Armor
39:49 Ballistics
39:53 Gambesons
42:23 Chain Mail Armor
44:49 Imperial Age
44:01 Iron Casting
43:28 Husbandry
Okiloki
7:05 Loom
9:44 Feudal Age
10:46 Double-Bit Axe
21:14 Castle Age
19:32 Fletching
22:38 Scale Barding Armor
33:26 Bloodlines
38:38 Chain Barding Armor
37:42 Light Cavalry
38:23 Husbandry
42:18 Masonry
43:20 Horse Collar
Connection lost

Rejoining the realm…

Still unreachable

The connection could not be restored.

Session expired

The server has moved on; the page needs a fresh start.